 Dungeon Crawl Stone Soup version 0.31-a0-187-gba352fbbf7 (webtiles) character file.

Game seed: 4956097812149061078

254 rabbitsville the Trooper (level 6, -6/57 HPs)
             Began as a Hill Orc Monk on June 22, 2023.
             Mangled by a gnoll
             ... wielding a +0 flail
             ... led by a gnoll bouda
              (8 damage)
             ... on level 4 of the Dungeon.
             The game lasted 00:09:10 (2553 turns).

rabbitsville the Trooper (Hill Orc Monk)            Turns: 2553, Time: 00:09:11

Health: -6/57      AC:  8    Str: 16    XL:     6   Next: 15%
Magic:  6/6        EV: 11    Int: 10    God:
Gold:   156        SH:  0    Dex: 13    Spells: 5/5 levels left

rFire   . . .        a - +0 mace
rCold   . . .        d - orb {light}
rNeg    + . .        h - +0 ring mail
rPois   .            n - +0 helmet
rElec   .            (no cloak)
rCorr   .            q - +1 pair of gloves
SInv    .            (no boots)
Will    .....        m - amulet of faith
Stlth   +            s - ring of positive energy
HPRegen 0.29/turn    (no ring)
MPRegen 0.10/turn

%: faith
@: about to teleport, weakened, glowing
A: no striking features
a: no special abilities


You were on level 4 of the Dungeon.
You visited 1 branch of the dungeon, and saw 4 of its levels.

You collected 156 gold pieces.

Inventory:

Hand Weapons
 a - a +0 mace (weapon)
Missiles
 e - 9 boomerangs
 f - 2 throwing nets
Armour
 b - a +0 robe
 d - an orb of light (worn)
 h - a +0 ring mail (worn)
 n - a +0 helmet (worn)
 q - a +1 pair of gloves (worn)
Jewellery
 m - an amulet of faith (around neck)
 s - a ring of positive energy (left hand)
Wands
 t - a wand of light (8)
 x - a wand of flame (6)
Scrolls
 g - 4 scrolls of identify {unknown}
 o - a scroll of teleportation
 p - 2 scrolls of immolation {unknown}
 r - 3 scrolls of blinking {unknown}
 u - a scroll of fear {unknown}
 w - a scroll of noise {unknown}
Potions
 i - a potion of enlightenment {unknown}
 j - a potion of invisibility {unknown}
 k - a potion of curing {unknown}
 l - a potion of degeneration {unknown}
 v - 2 potions of brilliance {unknown}


   Skills:
 + Level 6.2 Fighting
 + Level 5.6 Maces & Flails
 - Level 2.4 Dodging


You had 5 spell levels left.
You didn't know any spells.
Your spell library contained the following spells:

 Spells                   Type           Power      Damage    Failure   Level
 Vhi's Electric Charge    Tloc/Air       0%         N/A       91%         3
 Arcjolt                  Conj/Air       0%         1d10      100%        5
 Maxwell's Capacitive Co  Air            0%         ∞         100%        8


Dungeon Overview and Level Annotations

Branches:
Dungeon (4/15)
 Temple: D:4-7

Altars:


Message History

The gnoll bouda hits you but does no damage.
The gnoll closely misses you. The gnoll attacks as you move away!
The gnoll closely misses you.
The gnoll bouda attacks as you move away!
The gnoll bouda hits you with a +0 club!
Your attacks no longer feel as feeble.
The gnoll bouda barks out a call to the hunt!
The gnolls pick up the pace!
You hit the gnoll but do no damage. The gnoll hits you with a +0 flail!
You hit the gnoll.
The gnoll is lightly wounded.
The gnoll hits you with a +0 flail!
You hit the gnoll but do no damage.
The gnoll is lightly wounded.
The gnoll barely misses you. x2
You completely miss the gnoll bouda.
The gnoll bouda is lightly wounded.
The gnoll bouda gazes fiercely through you!
You feel your attacks grow feeble.
The gnoll bouda hits you with a +0 club.
* * * LOW HITPOINT WARNING * * *
The gnoll barely misses you.
The gnoll hits you from afar with a +0 spear.
* * * LOW HITPOINT WARNING * * *
As you read the scroll labelled YFFALEPHAA, it crumbles to dust.
You feel strangely unstable.
It was a scroll of teleportation.
The gnoll bouda hits you with a +0 club.
* * * LOW HITPOINT WARNING * * *
The gnoll hits you with a +0 flail.
* * * LOW HITPOINT WARNING * * *
The gnoll hits you from afar with a +0 spear.
* * * LOW HITPOINT WARNING * * *
The gnoll bouda attacks as you move away!
The gnoll bouda hits you with a +0 club.
* * * LOW HITPOINT WARNING * * *
The gnoll bouda gazes fiercely through you!
You feel as though you will be weak longer.
The gnoll barely misses you. The gnoll hits you with a +0 flail!
You die...

.....# .....# ##### .....#
##...### ...#.###......###
#..#............###
#.##..........)...## #
####.##............# $#
.................# ..##
#.(.............@g### ....#
..##.............gK.##.....#
.# ##............#g.g...:..#
# ##...))....######.......
##..>###### ....... ##...##
g...... ##.).## .......
#######...### .......
##...........## .......


You could see a gnoll bouda, 3 gnolls and a kobold.

Vanquished Creatures
  Jessica (D:2)
  Natasha (thrice) (D:3)
  Robin (D:4)
  A gnoll (D:4)
  4 adders (D:2)
  4 dart slugs
  4 orcs (D:3)
  6 endoplasms
  3 giant cockroaches
  12 goblins
  9 hobgoblins
  A jackal (D:2)
  3 quokkas
  8 ball pythons
  5 bats
  4 frilled lizards
  15 kobolds
  4 rats
88 creatures vanquished.

Notes
Turn   | Place    | Note
-------+----------+-------------------------------------------
     0 | D:1      | rabbitsville the Hill Orc Monk began the quest for the Orb.
     0 | D:1      | Reached XP level 1. HP: 19/19 MP: 1/1
    84 | D:1      | Reached skill level 4 in Fighting
    84 | D:1      | Reached XP level 2. HP: 24/27 MP: 2/2
   391 | D:1      | Reached XP level 3. HP: 31/34 MP: 3/3
  1022 | D:2      | Reached XP level 4. HP: 38/41 MP: 4/4
  1028 | D:2      | Reached skill level 5 in Fighting
  1186 | D:2      | Noticed Jessica
  1192 | D:2      | Killed Jessica
  1333 | D:2      | Reached XP level 5. HP: 48/48 MP: 5/5
  1957 | D:3      | Reached skill level 5 in Maces & Flails
  2095 | D:3      | Noticed Natasha
  2104 | D:3      | Killed Natasha
  2146 | D:3      | Noticed Natasha
  2151 | D:3      | Killed Natasha
  2162 | D:3      | Noticed Natasha
  2167 | D:3      | Killed Natasha
  2269 | D:3      | Reached skill level 6 in Fighting
  2313 | D:3      | You fall into a shaft and drop 1 floor!
  2335 | D:4      | Noticed Robin
  2357 | D:4      | Killed Robin
  2358 | D:4      | Reached XP level 6. HP: 20/57 MP: 6/6
  2511 | D:4      | Noticed a black bear
  2551 | D:4      | HP: 1/57 [gnoll bouda/+0 club (4)]
  2553 | D:4      | Mangled by a gnoll

Illustrated notes

Levels and vault maps discovered:
D:1:      co_arrival_hall_of_pillars, layout_basic
D:2:      layout_basic, st_stairs_12, kennysheep_generic_room_2, uniq_jessica
D:3:      layout_loops_ring, minmay_misc_feat_doors, uniq_natasha
D:4:      layout_cave_pods, portal_sewer_entry_f, cheibrodos_gnoll_hut,
          uniq_robin

Skill      XL: |  1  2  3  4  5 |
---------------+----------------+-----
Fighting       | 4 5 6 |  6.2
Maces & Flails | 4 5 |  5.6
Dodging        | |  2.4

Action                     |  1- 3 |  4- 6 || total
---------------------------+-------+-------++-------
  Melee: Mace              |    98 |   129 ||   227
    Use: Potion            |       |     2 ||     2
         Scroll            |       |     1 ||     1
 Armour: Robe              |     1 |       ||     1
         Ring mail         |    44 |    82 ||   126
  Dodge: Dodged            |    76 |   135 ||   211

Table legend: (Time is in decaauts)
 A = Elapsed time spent in this place.
 B = Non-inter-level travel time spent in this place.
 C = Inter-level travel time spent in this place.
 D = Time resting spent in this place.
 E = Time spent auto-exploring this place.
 F = Levels seen in this place.
 G = Mean time per level.
                   A        B        C        D        E       F      G
               +--------+--------+--------+--------+--------+-----+--------+
         Total |   2590 |   2529 |     61 |      0 |   1441 |   4 |  647.5 |
       Dungeon |   2590 |   2529 |     61 |      0 |   1441 |   4 |  647.5 |
               +--------+--------+--------+--------+--------+-----+--------+

Top non-repeatable levels by time:
     D:1: 940 daAuts
     D:2: 852 daAuts
     D:3: 550 daAuts
     D:4: 246 daAuts
